 Dungeon Crawl Stone Soup version 0.19.0-2-gae57169 (webtiles) character file.

202 Patchouli the Magician (level 5, -3/28 HPs)
             Began as a Deep Elf Ice Elementalist on Nov 4, 2016.
             Slain by an elf zombie (5 damage)
             ... in an ossuary.
             The game lasted 00:10:26 (1559 turns).

Patchouli the Magician (Deep Elf Ice Elementalist)  Turns: 1559, Time: 00:10:26

Health: -3/28      AC:  3    Str: 11    XL:     5   Next: 50%
Magic:  9/14       EV: 10    Int: 21    God:
Gold:   98         SH:  0    Dex: 15    Spells: 4 memorised, 4 levels left

rFire  . . .     SeeInvis .     p - +1 long sword
rCold  . . .     Gourm    .     a - +1 robe
rNeg   . . .     Faith    .     (no shield)
rPois  .         Spirit   .     (no helmet)
rElec  .         Reflect  .     (no cloak)
rCorr  .         Harm     .     (no gloves)
MR     .....                    (no boots)
Stlth  ++........               (no amulet)
                                s - +6 ring of strength
                                l - -3 ring of evasion (curse)

@: marked
A: no striking features
a: no special abilities


You were in an ossuary.
You were not hungry.

You visited 1 branch of the dungeon, and saw 6 of its levels.
You also visited: Ossuary.

You collected 98 gold pieces.

Inventory:

Hand Weapons
 e - a +1 dagger of venom
 g - a +0 hand axe
 n - a +0 quarterstaff
 p - a +1 long sword (weapon)
Armour
 a - a +1 robe (worn)
 o - a +0 leather armour
Jewellery
 j - an uncursed ring of protection from cold {unknown}
 l - a cursed -3 ring of evasion (left hand)
 s - a +6 ring of strength (right hand)
Scrolls
 i - 3 scrolls of fear {unknown}
 m - 3 scrolls of identify
Potions
 d - a potion of mutation
Books
 b - a book of Frost

   Spells                             Type                      Level
   a - Freeze                         Ice                          1
   b - Throw Frost                    Conjuration/Ice              2
   c - Ozocubu's Armour               Charms/Ice                   3
   d - Throw Icicle                   Conjuration/Ice              4
   e - Summon Ice Beast               Ice/Summoning                4
Comestibles
 c - 3 bread rations
 h - a royal jelly
 r - a meat ration


   Skills:
 - Level 3.2 Dodging
 - Level 2.4 Stealth
 - Level 5.4 Spellcasting
 - Level 1.1 Conjurations
 + Level 2.9 Summonings
 - Level 4.2 Ice Magic


You had 4 spell levels left.
You knew the following spells:

 Your Spells              Type           Power        Failure   Level  Hunger
a - Freeze                Ice            ###.         1%          1    None
b - Throw Frost           Conj/Ice       ###...       6%          2    None
i - Summon Ice Beast      Ice/Summ       ###.....     28%         4    ####...
q - Ozocubu's Armour      Chrm/Ice       ##......     17%         3    ##.....


Dungeon Overview and Level Annotations

Branches:
Dungeon (6/15)
 Temple: D:4-7

Altars:


Message History

The hobgoblin zombie misses you. The rat zombie bites your ice beast.
The centaur zombie hits you but does no damage.
Your ice beast hits the rat zombie.
The rat zombie is destroyed!
The hobgoblin zombie closely misses you.
The elf zombie hits you.
The elf zombie hits your ice beast but does no damage.
Your ice beast barely misses the elf zombie.
Your ice beast hits the jackal zombie.
Your ice beast freezes the jackal zombie.
The jackal zombie resists.
The jackal zombie bites your ice beast. The hobgoblin zombie barely misses you.
The elf zombie hits you.
* * * LOW HITPOINT WARNING * * *
Your ice beast closely misses the elf zombie.
The elf zombie hits you.
* * * LOW HITPOINT WARNING * * *
The kobold zombie misses your ice beast.
Your ice beast closely misses the elf zombie.
The jackal zombie bites your ice beast. The elf zombie hits you.
You die...

#...# #...# #...#
#...# #...#### #...#
#...####+....... #...#
#...#.....∩.# #...#
#...#..ZZ...# #...#
#...#Z.MY...# #...#
#...#.ZYZ...####Z#...#
#...#ZZZZ.ZZ...ZZ#...#
#...#@####..####Z#...#
#...#.# #^.# #...#
#...#.. #..# #...#
#...######^.######...#
#....................#
#........8..8........#
#....................#
#....................#
######################


You could see a mummy, an adder zombie, 2 jackal zombies, 3 hobgoblin zombies, a
kobold zombie, 3 elf zombies, a centaur zombie and 2 friendly ice beasts.

Vanquished Creatures
  A bullfrog (D:5)
  A crimson imp (D:5)
  A worker ant (D:4)
  2 adders
  2 oozes
  A worm (D:3)
  2 leopard geckos
  An orc (D:2)
  A ball python (D:3)
  2 bats
  A goblin (D:2)
  2 hobgoblins
  4 jackals (D:4)
  2 kobolds (D:2)
  3 quokkas
  2 frilled lizards
  A goblin zombie (D:5)
  A kobold zombie (Ossuary)
  4 orc zombies
  3 rats
37 creatures vanquished.

Vanquished Creatures (collateral kills)
  A mummy (D:5)
  An adder zombie (Ossuary)
  9 hobgoblin zombies (Ossuary)
  5 kobold zombies (Ossuary)
  2 orc zombies (Ossuary)
  A rat zombie (Ossuary)
19 creatures vanquished.

Grand Total: 56 creatures vanquished

Notes
Turn   | Place    | Note
-------+----------+-------------------------------------------
     0 | D:1      | Patchouli the Deep Elf Ice Elementalist began the quest for the Orb.
     0 | D:1      | Reached XP level 1. HP: 10/10 MP: 6/6
   191 | D:1      | Reached XP level 2. HP: 14/15 MP: 6/8
   195 | D:1      | Learned a level 2 spell: Throw Frost
   380 | D:2      | Reached skill level 4 in Spellcasting
   545 | D:2      | Reached XP level 3. HP: 10/19 MP: 8/10
   550 | D:2      | Learned a level 3 spell: Ozocubu's Armour
   899 | D:5      | Entered Level 5 of the Dungeon
   976 | D:4      | Reached skill level 5 in Spellcasting
   976 | D:4      | Reached XP level 4. HP: 14/24 MP: 4/13
  1096 | D:5      | Learned a level 4 spell: Summon Ice Beast
  1141 | D:5      | Found a sand-covered staircase.
  1172 | D:6      | Noticed a bullfrog
  1178 | D:6      | Noticed an orc warrior
  1182 | D:5      | Killed a bullfrog
  1182 | D:5      | Reached XP level 5. HP: 13/28 MP: 7/14
  1242 | Ossuary  | Entered an ossuary
  1559 | Ossuary  | Slain by an elf zombie

Skill      XL: |  1  2  3  4 |
---------------+-------------+-----
Spellcasting   | 4 5 |  5.4
Ice Magic      | 4 |  4.2
Dodging        | 3 |  3.2
Summonings     | 2 |  2.9
Stealth        | |  2.4
Conjurations   | |  1.1

Action                   |  1- 3 |  4- 6 || total
-------------------------+-------+-------++-------
Melee: Hand axe          |     2 |       ||     2
       Quarterstaff      |     1 |       ||     1
       Long sword        |       |    16 ||    16
 Cast: Freeze            |    46 |    12 ||    58
       Ozocubu's Armour  |     3 |     4 ||     7
       Summon Ice Beast  |       |     9 ||     9
  Use: Scroll            |     6 |     1 ||     7
       Potion            |     3 |     4 ||     7
 Stab: Sleeping          |     2 |       ||     2
  Eat: Chunk             |       |     2 ||     2
       Meat ration       |       |     1 ||     1
Armor: Robe              |     4 |    13 ||    17
Dodge: Dodged            |    24 |    20 ||    44
       Rpst.: Long sword |     3 |     7 ||    10
